 Dungeon Crawl Stone Soup version 0.31-a0-836-g3ceb0a68c4 (webtiles) character file.

Game seed: 6459170017504246679

162 Kurtz the Chopper (level 5, -2/54 HPs)
             Began as an Octopode Fighter on Sept 27, 2023.
             Slain by an orc
             ... wielding a +0 short sword of distortion
              (20 damage)
             ... on level 3 of the Dungeon.
             The game lasted 00:01:15 (1645 turns).

Kurtz the Chopper (Octopode Fighter)                Turns: 1645, Time: 00:01:16

Health: -2/54      AC: 22    Str: 18    XL:     5   Next: 43%
Magic:  0/5        EV:  2    Int: 10    God:
Gold:   70         SH:  4    Dex: 11    Spells: 4/4 levels left

rFire   . . .        d - +1 whip (drain)
rCold   . . .        b - +0 buckler
rNeg    . . .        (helmet currently unavailable)
rPois   +            h - amulet of guardian spirit
rElec   .            (no ring)
rCorr   .            (no ring)
SInv    .            (no ring)
Will    .....        (no ring)
Stlth   +            (no ring)
HPRegen 0.29/turn    (no ring)
MPRegen 0.09/turn    (no ring)
                     (no ring)

%: guardian spirit
@: tree-form, attractive
A: stationary, stasis, torment immunity, boosted hp, almost no armour,
(amphibious), 8 rings, (camouflage 1), (gelatinous body 1), (nimble swimmer 1),
(tentacles)
a: no special abilities


You were on level 3 of the Dungeon.
You were a tree.
You visited 1 branch of the dungeon, and saw 3 of its levels.

You collected 70 gold pieces.

Inventory:

Hand Weapons
 a - a +0 war axe
 d - a +1 whip of draining (weapon)
Armour
 b - a +0 buckler (worn)
Jewellery
 h - an amulet of guardian spirit (around neck)
Scrolls
 f - a scroll of enchant armour {unknown}
 i - a scroll of enchant weapon {unknown}
 j - a scroll of identify {unknown}
 m - a scroll of teleportation {unknown}
Potions
 c - a potion of might
 g - a potion of attraction
 k - a potion of haste {unknown}
 l - a potion of enlightenment {unknown}


   Skills:
 - Level 3.0 Fighting
 * Level 5.5 Axes
 - Level 3.0 Dodging
 - Level 3.0 Shields


You had 4 spell levels left.
You didn't know any spells.
Your spell library was empty.

Dungeon Overview and Level Annotations

Branches:
Dungeon (3/15)

Altars:
Qazlal
Uskayaw


Innate Abilities, Weirdness & Mutations

You are a tree.
Your roots penetrate the ground, keeping you stationary.
You cannot be teleported.
You are immune to unholy pain and torment.
Your maximum health is greatly increased.
You cannot wear most types of armour.
((You are amphibious.))
You can wear up to eight rings at the same time.
((Your skin changes colour to match your surroundings (Stealth+).))
((Your rubbery body absorbs attacks. (AC +1, EV +1)))
((You are camouflaged when in or above water. (Stealth+)))
((You have tentacles for arms and can constrict up to eight enemies at once.))


Message History

It was a potion of lignification.
You turn into a tree.
Your roots penetrate the ground.
You feel less confused. You block the orc wizard's attack.
You hit the orc wizard. You drain the orc wizard.
The orc wizard is almost dead.
The orc wizard hits you but does no damage.
You hit the orc wizard.
You kill the orc wizard!
You closely miss the orc. The orc hits you but does no damage.
Space warps around you.
You hit the orc but do no damage. You drain the orc.
The orc is moderately wounded.
The orc hits you but does no damage.
A frilled lizard comes into view.
The frilled lizard is attracted toward you.
You closely miss the orc.
The frilled lizard hisses angrily.
You punch the orc.
The orc is severely wounded.
You block the orc's attack.
You closely miss the orc.
The orc is severely wounded.
The orc barely misses you.
You closely miss the orc.
The orc is severely wounded.
The orc hits you but does no damage.
You closely miss the orc.
The orc is severely wounded.
The orc barely misses you.
You closely miss the orc.
The orc is severely wounded.
The orc hits you but does no damage. Space warps around you.
You closely miss the orc.
The orc is severely wounded.
The orc hits you but does no damage.
You closely miss the orc.
The orc is heavily wounded.
The orc hits you but does no damage. Space warps horribly around you!!
You die...

......## .....# ...#
####.###########
#............... .
#.##.##...##### ##.?
#.##.##...# .....
##+#.##.##...#####....##
#...>....+...'..♣ol.....
#....#####...#.###l....#
#....# #...#.# #...#
#....#########.# ..#
#..)....# #.# #
#.......# #.# ##......#
#.# #.....## #.#
##.....# #.#


You could see an orc (very drained) and 2 frilled lizards.

Vanquished Creatures
  An orc priest (D:3)
  Jessica (D:3)
  An orc wizard (D:3)
  An adder (D:3)
  2 worms (D:2)
  3 dart slugs
  5 orcs (D:3)
  6 bats
  4 endoplasms
  2 giant cockroaches
  4 goblins
  7 hobgoblins
  3 kobolds
  2 quokkas
  6 ball pythons
  6 frilled lizards
  4 rats
58 creatures vanquished.

Notes
Turn   | Place    | Note
-------+----------+-------------------------------------------
     0 | D:1      | Kurtz the Octopode Fighter began the quest for the Orb.
     0 | D:1      | Reached XP level 1. HP: 16/16 MP: 1/1
    95 | D:1      | Reached XP level 2. HP: 21/21 MP: 2/2
   141 | D:1      | Reached skill level 3 in Axes
   516 | D:1      | Reached XP level 3. HP: 26/26 MP: 3/3
   888 | D:2      | Found a faded altar of an unknown god.
  1023 | D:2      | Reached skill level 4 in Axes
  1284 | D:3      | Noticed Jessica
  1291 | D:3      | Reached XP level 4. HP: 31/31 MP: 4/4
  1292 | D:3      | Killed Jessica
  1385 | D:3      | Found a stormy altar of Qazlal.
  1491 | D:3      | Found a hide-covered altar of Uskayaw.
  1628 | D:3      | Reached skill level 5 in Axes
  1628 | D:3      | Reached XP level 5. HP: 26/36 MP: 3/5
  1645 | D:3      | Slain by an orc

Illustrated notes

Levels and vault maps discovered:
D:1:      lightli_arrival_boilingwater, layout_loops_ring,
          kennysheep_minor_cross, hex_large, minmay_crystal_water,
          nrook_campfire
D:2:      layout_rooms, hellmonk_ecumenical_altar_arch_garden
D:3:      layout_basic, nicolae_qazlal_general_emergency,
          nicolae_overflow_crystal_walls, serial_bayou_pond_d,
          roderic_nine_men_s_morris, uniq_grinder, uniq_crazy_yiuf_cottage,
          uniq_jessica

Skill      XL: |  1  2  3  4 |
---------------+-------------+-----
Axes           | 3 4 5 |  5.5
Fighting       | |  3.0
Dodging        | |  3.0
Shields        | |  3.0

Action                     |  1- 3 |  4- 6 || total
---------------------------+-------+-------++-------
  Melee: Whip              |    70 |    40 ||   110
         Constrict         |    18 |     8 ||    26
         Tentacles         |    12 |     5 ||    17
         War axe           |     1 |       ||     1
         Punch             |     1 |     1 ||     2
    Use: Potion            |       |     2 ||     2
   Stab: Sleeping          |     5 |     2 ||     7
 Armour: Skin              |    13 |    23 ||    36
  Dodge: Dodged            |    24 |    12 ||    36
  Block: Buckler           |    13 |     4 ||    17

Table legend: (Time is in decaauts)
 A = Elapsed time spent in this place.
 B = Non-inter-level travel time spent in this place.
 C = Inter-level travel time spent in this place.
 D = Time resting spent in this place.
 E = Time spent auto-exploring this place.
 F = Levels seen in this place.
 G = Mean time per level.
                   A        B        C        D        E       F      G
               +--------+--------+--------+--------+--------+-----+--------+
         Total |   1647 |   1602 |     45 |      5 |   1249 |   3 |  549.0 |
       Dungeon |   1647 |   1602 |     45 |      5 |   1249 |   3 |  549.0 |
               +--------+--------+--------+--------+--------+-----+--------+

Top non-repeatable levels by time:
     D:1: 729 daAuts
     D:2: 512 daAuts
     D:3: 405 daAuts
